 Dungeon Crawl Stone Soup version 0.24.0-125-gc4c63601f3 (webtiles) character file.

Game seed: 17025657253343873000, levelgen mode: deterministic

137 Divind the Shield-Bearer (level 5, -2/42 HPs)
             Began as a Formicid Fighter on Mar 4, 2020.
             Slain by a centaur (3 damage)
             ... on level 3 of the Dungeon.
             The game lasted 00:04:21 (1676 turns).

Divind the Shield-Bearer (Formicid Fighter)         Turns: 1676, Time: 00:04:22

Health: -2/42      AC: 12    Str: 22    XL:     5   Next: 44%
Magic:  5/5        EV:  5    Int:  7    God:
Gold:   81         SH: 10    Dex: 10    Spells: 4/4 levels left

rFire    . . .     SeeInvis +   a - +1 long sword
rCold    . . .     Gourm    .   c - +0 shield
rNeg     . . .     Faith    .   u - +0 plate armour
rPois    +         Spirit   .   (helmet unavailable)
rElec    .         Reflect  .   (no cloak)
rCorr    .         Harm     .   (no gloves)
MR       .....                  j - +0 pair of boots
Stlth    ..........             (no amulet)
HPRegen  0.14/turn              q - ring of flight
MPRegen  0.09/turn              s - ring of poison resistance

@: no status effects
A: permanent stasis, dig shafts and tunnels, four strong arms, antennae 3
a: Dig, Shaft Self, Evoke Flight


You were on level 3 of the Dungeon.
You were not hungry.

You visited 1 branch of the dungeon, and saw 3 of its levels.

You collected 81 gold pieces.

Inventory:

Hand Weapons
 a - a +1 long sword (weapon)
Armour
 b - a +0 scale mail
 c - a +0 shield (worn)
 e - a +0 chain mail
 j - a +0 pair of boots (worn)
 u - a +0 plate armour (worn)
Jewellery
 h - an uncursed ring of wizardry
 m - a -2 ring of evasion
 q - a ring of flight (left hand)
 s - a ring of poison resistance (right hand)
Scrolls
 k - a scroll of enchant weapon
 r - a scroll of fog {unknown}
 t - a scroll of remove curse
Potions
 d - 2 potions of might
 g - a potion of agility
 i - a potion of curing {unknown}
 l - 2 potions of flight {unknown}
 n - 2 potions of mutation {unknown}
 o - a potion of berserk rage {unknown}
 p - 2 potions of haste {unknown}
Comestibles
 f - 6 rations


   Skills:
 + Level 4.0 Fighting
 + Level 3.5 Long Blades
 + Level 3.8 Armour
 + Level 0.3 Dodging
 + Level 4.6 Shields


You had 4 spell levels left.
You didn't know any spells.
Your spell library was empty.

Dungeon Overview and Level Annotations

Branches:
Dungeon (3/15)

Altars:
Dithmenos
Fedhas
Qazlal


Innate Abilities, Weirdness & Mutations

You cannot be hasted, slowed, berserked, paralysed or teleported.
You can dig through walls and to a lower floor.
Your four strong arms can wield two-handed weapons with a shield.
You have a pair of large antennae on your head. (SInv)


Message History

You barely miss the centaur.
The centaur is lightly wounded.
The centaur hits you.
* * * LOW HITPOINT WARNING * * *
The centaur hits you but does no damage.
You closely miss the centaur.
The centaur is lightly wounded.
The centaur hits you.
* * * LOW HITPOINT WARNING * * *
You block the centaur's attack.
You closely miss the centaur.
The centaur is lightly wounded.
You block the centaur's attack. The centaur hits you.
* * * LOW HITPOINT WARNING * * *
Your shield and plate armour prevent you from hitting the centaur.
The centaur is lightly wounded.
The centaur hits you.
* * * LOW HITPOINT WARNING * * *
The centaur hits you.
You die...

#############
............#
###########.# #.#
##.##
#..(##########
......#((((@c....#
##.##...#..........
# ##.#########$##
#. ##


You could see a centaur.

Vanquished Creatures
  An orc priest (D:3)
  An orc wizard (D:3)
  3 adders
  2 oozes
  2 worms (D:2)
  2 leopard geckos
  5 orcs (D:3)
  2 ball pythons (D:2)
  3 giant cockroaches
  3 hobgoblins
  4 kobolds
  A quokka (D:2)
  3 bats
  4 frilled lizards
  3 rats
39 creatures vanquished.

Notes
Turn   | Place    | Note
-------+----------+-------------------------------------------
     0 | D:1      | Divind the Formicid Fighter began the quest for the Orb.
     0 | D:1      | Reached XP level 1. HP: 18/18 MP: 1/1
   104 | D:1      | Reached XP level 2. HP: 14/24 MP: 2/2
   455 | D:2      | Reached XP level 3. HP: 30/30 MP: 3/3
   705 | D:2      | Found a stormy altar of Qazlal.
   717 | D:2      | Found a blossoming altar of Fedhas.
   927 | D:2      | Found a shadowy altar of Dithmenos.
   964 | D:2      | Reached XP level 4. HP: 37/37 MP: 4/4
  1434 | D:3      | Reached XP level 5. HP: 18/42 MP: 5/5
  1666 | D:3      | Noticed a centaur
  1676 | D:3      | HP: 1/42 [centaur (4)]
  1676 | D:3      | Slain by a centaur

Levels and vault maps discovered:
D:1:      dpeg_arrival_shrine, layout_rooms
D:2:      layout_basic, nicolae_overflow_hidden_temple,
          grunt_temple_overflow_forces_of_nature
D:3:      layout_loops_ring, first_ration, minmay_circle_x

Skill      XL: |  1  2  3  4 |
---------------+-------------+-----
Shields        | 4 |  4.6
Fighting       | 4 |  4.0
Long Blades    | 3 |  3.5
Armour         | |  3.8
Dodging        | |  0.3

Action                   |  1- 3 |  4- 6 || total
-------------------------+-------+-------++-------
Melee: Long sword        |    90 |    72 ||   162
  Use: Scroll            |     3 |     1 ||     4
  Eat: Ration            |       |     1 ||     1
Armor: Chain mail        |    52 |    13 ||    65
       Plate armour      |       |    13 ||    13
Dodge: Dodged            |    17 |     7 ||    24
Block: Shield            |    59 |    37 ||    96
       Rpst.: Long sword |     1 |       ||     1
